AoeStats
← zNyk

Arabia

508709016Analyzed
1v1 RM · 9d ago on Sep 23, 2026· 69m 15s· 2 players
Game mode
Random Map
Map size
Tiny (2 player)
Population
200
Speed
Normal
Resources
Standard
Victory
Conquest
Starting age
Dark Age
Ending age
Imperial Age
RankedLock teamsTeams togetherTeam positionsShared explorationLock speedFull tech treeHidden civsTurbo modeCheats
Victory
Defeat
🇫🇷 Saxons · France
1228
+16
🇷🇴 Britons · Romania
1220
-16
zNyk
4:55 Loom
10:08 Feudal Age
12:53 Double-Bit Axe
15:17 Horse Collar
16:55 Fletching
17:05 Padded Archer Armor
22:05 Castle Age
22:56 Forging
22:51 Scale Barding Armor
24:19 Wheelbarrow
26:28 Bow Saw
26:19 Heavy Plow
30:18 Stone Mining
30:19 Gold Mining
31:24 Hand Cart
30:55 Town Watch
36:05 Imperial Age
34:56 Bodkin Arrow
35:16 Leather Archer Armor
35:33 Ballistics
35:24 Masonry
36:55 Bracer
37:25 Ring Archer Armor
37:13 Elite Longbowman
41:21 Chemistry
40:52 Architecture
41:13 Crossbowman
41:16 Heavy Mounted Crossbowman
41:16 Cranequins
42:40 Yeomen
42:40 Conscription
49:06 Arbalester
49:07 Elite Skirmisher
51:33 Light Cavalry
52:13 Husbandry
52:51 Iron Casting
52:36 Chain Barding Armor
52:10 Cavalier
62:17 Two-Man Saw
AG99
7:18 Loom
9:45 Feudal Age
10:36 Double-Bit Axe
14:53 Wheelbarrow
20:18 Castle Age
18:24 Fletching
18:57 Padded Archer Armor
26:46 Town Watch
31:26 Horse Collar
35:31 Imperial Age
33:17 Hand Cart
33:03 Heavy Plow
33:17 Bow Saw
32:36 Pikeman
33:40 Scale Mail Armor
34:12 Stone Mining
34:14 Gold Mining
36:02 Gold Shaft Mining
35:32 Squires
36:20 Halberdier
37:35 Chain Mail Armor
38:13 Conscription
40:32 Ballistics
40:09 Bodkin Arrow
40:51 Elite Skirmisher
42:52 Bracer
43:07 Leather Archer Armor
45:06 Two-Man Saw
44:40 Crop Rotation
45:05 Ring Archer Armor
50:19 Thumb Ring
52:35 Treadmill Crane
54:21 Guilds
56:09 Chemistry
55:59 Hoardings
55:47 Shield Wall
57:40 Plate Mail Armor
57:21 Forging
62:26 Masonry
64:09 Arson
66:39 Iron Casting
67:38 Scale Barding Armor
Connection lost

Rejoining the realm…

Still unreachable

The connection could not be restored.

Session expired

The server has moved on; the page needs a fresh start.